 Dungeon Crawl Stone Soup version 0.28.0-53-g5a82cb258f (webtiles) character file.

Game seed: 17190964334778180393

88 unlimited1921 the Magician (level 4, -11/31 HPs)
             Began as a Djinni Fire Elementalist on June 20, 2022.
             Killed by nerve-wracking pain
             ... invoked by an orc priest
              (13 damage)
             ... on level 3 of the Dungeon.
             The game lasted 00:06:19 (4528 turns).

unlimited1921 the Magician (DjFE)                   Turns: 4528, Time: 00:06:19

Health: -11/31     AC:  3    Str:  7    XL:     4   Next: 82%
Gold:   110        EV: 11    Int: 19    God:
                   SH:  0    Dex: 13

rFire   + + .      SeeInvis .   l - +0 war axe
rCold   x . .      Faith    .   (no shield)
rNeg    . . .      Spirit   .   b - +0 leather armour
rPois   ∞          Reflect  .   (no helmet)
rElec   .          Harm     .   (no cloak)
rCorr   .          Rampage  .   (no gloves)
Will    .....                   (boots unavailable)
Stlth   ++........              (no amulet)
HPRegen 0.10/turn               (no ring)
MPRegen 0.00/turn               (no ring)

@: flying
A: sickness immunity, fire resistance 2, cold vulnerability 1, float, innate
caster, HP casting, extra vitality 1
a: no special abilities


You were on level 3 of the Dungeon.
You visited 1 branch of the dungeon, and saw 3 of its levels.

You collected 110 gold pieces.

Inventory:

Hand Weapons
 d - a +0 short sword
 l - a +0 war axe (weapon)
 p - a +0 hunting sling
Missiles
 h - 6 javelins
 j - 17 stones
Armour
 a - a +0 robe
 b - a +0 leather armour (worn)
 f - a +1 scale mail of willpower
Scrolls
 e - a scroll of noise {unknown}
 m - a scroll of fear {unknown}
 n - a scroll of magic mapping {unknown}
 o - a scroll of amnesia {unknown}
Potions
 c - a potion of magic {unknown}
 g - a potion of might {unknown}
 i - a potion of curing {unknown}
 k - a potion of mutation {unknown}


   Skills:
 + Level 1.2 Armour
 + Level 2.4 Dodging
 + Level 2.4 Stealth
 + Level 3.3 Spellcasting


You couldn't memorise any spells.
You knew the following spells:

 Your Spells              Type           Power      Damage    Failure   Level
a - Foxfire               Conj/Fire      64%        2x1d7     5%          1
b - Scorch                Fire           32%        2d6       9%          2
c - Conjure Flame         Conj/Fire      16%        6-21      16%         3
d - Inner Flame           Hex/Fire       16%        N/A       16%         3
e - Flame Wave            Conj/Fire      16%        2d6       47%         4
f - Summon Small Mammal   Summ           64%        N/A       5%          1
Your spell library was empty.

Dungeon Overview and Level Annotations

Branches:
Dungeon (3/15)

Altars:


Innate Abilities, Weirdness & Mutations

You are immune to sickness and miasma.
You are immune to poison.
Your flesh is very heat resistant. (rF++)
You are vulnerable to cold. (rC-)
You float through the air rather than walking.
You learn spells naturally, not from books.
Your magical power is your life essence.
You have superior vitality. (+4 MHP)


Message History

Flames lash the orc priest.
The orc priest is lightly wounded.
The orc priest's fire resistance burns away.
* * * LOW HITPOINT WARNING * * *
The orc barely misses you.
The orc priest invokes the aid of Beogh against you.
Pain shoots through your body!
* * * LOW HITPOINT WARNING * * *
Casting: Scorch (safe; 9% risk of failure)
Confirm with . or Enter, or press ? or * to list all spells.
Flames lash the orc.
The orc is burned terribly!
You kill the orc!
* * * LOW HITPOINT WARNING * * *
Your magical contamination has completely faded away.
Casting: Scorch (safe; 9% risk of failure)
Confirm with . or Enter, or press ? or * to list all spells.
You miscast Scorch.
You are very lightly contaminated with residual magic.
Nothing appears to happen.
* * * LOW HITPOINT WARNING * * *
Casting: Scorch (safe; 9% risk of failure)
Confirm with . or Enter, or press ? or * to list all spells.
You conjure some foxfire!
* * * LOW HITPOINT WARNING * * *
The foxfire hits the orc priest but does no damage.
The orc priest is lightly wounded.
Your foxfire dissipates!
Casting: Foxfire (safe; 5% risk of failure)
Confirm with . or Enter, or press ? or * to list all spells.
You conjure some foxfire!
* * * LOW HITPOINT WARNING * * *
The foxfire hits the orc priest but does no damage.
The orc priest is lightly wounded.
The foxfire hits the orc priest.
The orc priest is lightly wounded.
Your magical contamination has completely faded away.
The orc priest miscasts a cantrip.
The orc priest mumbles some strange prayers to Beogh against you.
Pain shoots through your body!
You die...

###.....#.##.#.###.#.
#.###.......#.##.#. #.#
#......###.....
#.###..#...(#......
#.o....#.###.#.#.##
##...............##
.#########..#####......#.##
.......<....# #.##.###.##
##########@## #.##.# #...
#.# #.##.####.. #.#
#......##.# #.# #......##.#
#.# #......##.# #..
#.>....##.# ##. #......##.#
. #.......... #..#.####.#


You could see an orc priest.

Vanquished Creatures
  An orc priest (D:3)
  2 worms (D:2)
  3 dart slugs
  3 orcs (D:3)
  An endoplasm (D:1)
  2 giant cockroaches (D:2)
  4 hobgoblins
  5 jackals
  2 ball pythons
  A bat (D:2)
  6 frilled lizards (D:1)
  6 goblins
  4 kobolds
  5 rats
45 creatures vanquished.

Vanquished Creatures (others)
  99 foxfires
99 creatures vanquished.

Grand Total: 144 creatures vanquished

Notes
Turn   | Place    | Note
-------+----------+-------------------------------------------
     0 | D:1      | unlimited1921 the Djinni Fire Elementalist began the quest
                  | for the Orb.
     0 | D:1      | Reached XP level 1. HP: 15/15 MP: 0/0
   597 | D:1      | Reached XP level 2. HP: 16/21 MP: 0/0
  1667 | D:1      | Reached XP level 3. HP: 23/25 MP: 0/0
  1667 | D:1      | Learned a level 1 spell: Summon Small Mammal
  1773 | D:1      | Reached skill level 3 in Spellcasting
  3767 | D:2      | Reached skill level 1 in Armour
  4130 | D:3      | Reached XP level 4. HP: 27/31 MP: 0/0
  4528 | D:3      | Killed from afar by an orc priest

Illustrated notes

Levels and vault maps discovered:
D:1:      sevenhm_arrival_forest_fort_large_4, layout_loops_ring
D:2:      layout_rooms
D:3:      layout_loops_ring, hellmonk_ecumenical_altar_arch_garden,
          kennysheep_potato

Skill      XL: |  1  2  3  4 |
---------------+-------------+-----
Spellcasting   | 3 |  3.3
Armour         | 1 |  1.2
Stealth        | 2 |  2.4
Dodging        | |  2.4

Action                   |  1- 3 |  4- 6 || total
-------------------------+-------+-------++-------
Melee: Short sword       |     4 |       ||     4
 Cast: Foxfire           |    57 |     2 ||    59
       Scorch            |    10 |    13 ||    23
Armor: Leather armour    |     1 |       ||     1
Dodge: Dodged            |     6 |     3 ||     9
